 Dungeon Sprint DCSS version 0.19.1 (webtiles) character file.

7029 Groucho the Imperceptible (level 10, -6/54 HPs)
             Began as a Felid Berserker on Nov 26, 2016.
             Was the Champion of Trog.
             Engulfed by a fire crab's flame (13 damage)
             ... in the Dungeon (Sprint VII: "The Pits").
             The game lasted 00:10:19 (3669 turns).

Groucho the Imperceptible (Felid Berserker)         Turns: 3669, Time: 00:10:19

Health: -6/54      AC:  2    Str: 15    XL:     10   Next: 82%
Magic:  10/10      EV: 38    Int:  8    God:    Trog [******]
Gold:   38         SH:  0    Dex: 18    Spells: 0 memorised, 9 levels left
                                        Lives:  0   Deaths: 3

rFire  . . .     SeeInvis +       - Unarmed
rCold  . . .     Gourm    .     (armour unavailable)
rNeg   . . .     Faith    .     (shield unavailable)
rPois  .         Spirit   .     (helmet unavailable)
rElec  .         Reflect  .     (cloak unavailable)
rCorr  .         Harm     .     (gloves unavailable)
MR     +....     NoTele   +     (boots unavailable)
Stlth  +++++++++.               (no amulet)
                                l - +3 ring of evasion
                                k - +3 ring of evasion

@: quick
A: no armour, no weapons or thrown items, stealth, claws 1, fangs 3, horns 1,
see invisible, carnivore 3, speed 1, low mp 1, screaming 1, shaggy fur 2, slow
metabolism 1, subdued magic 1, sharp paws
a: Berserk, Trog's Hand, Brothers in Arms, Burn Spellbooks, Renounce Religion


You were in the Dungeon.
You worshipped Trog.
Trog was exalted by your worship.
You were not hungry.

You visited 1 branch You collected 38 gold pieces.

Inventory:

Jewellery
 k - a +3 ring of evasion (left paw)
 l - a +3 ring of evasion (right paw)
 q - an uncursed ring of positive energy
 s - an uncursed ring of protection from cold
Scrolls
 g - 2 scrolls of blinking
 i - 4 scrolls of remove curse
 j - a scroll of summoning
 p - 4 scrolls of identify
 r - 3 scrolls of recharging
Potions
 b - 7 potions of curing
 c - 11 potions of heal wounds
 d - 3 potions of haste
 e - 4 potions of magic
 f - 9 potions of berserk rage
 h - 2 potions of invisibility
 m - 2 potions of agility
 n - 3 potions of brilliance
 o - a potion of might
Comestibles
 a - 7 meat rations


   Skills:
 + Level 12.9 Fighting
 + Level 16.1 Dodging
 + Level 22.2 Stealth
 * Level 17.1 Unarmed Combat


You had 9 spell levels left.
You didn't know any spells.

Dungeon Overview and Level Annotations

Branches:
Dungeon (1/1)

Altars:
Ashenzari
Cheibriados
Dithmenos
Elyvilon
Fedhas
Gozag
Hepliaklqana
Kikubaaqudgha
Makhleb
Nemelex Xobeh
Okawaru
Qazlal
Ru
Sif Muna
Trog
Uskayaw
Vehumet
Xom
Yredelemnul
Zin
The Shining One
Beogh
Jiyva
Lugonu


Innate Abilities, Weirdness & Mutations

You cannot wear armour.
You are incapable of wielding weapons or throwing items.
Your paws allow you to move quietly. (Stealth)
You have sharp claws.
You have razor-sharp teeth.
You have supernaturally acute eyesight. (SInv)
You are carnivorous and can eat meat at any time.
You cover ground quickly.
You are covered in thick fur. (AC +2)
You have a slow metabolism.
Your sharp claws are effective at attacking unaware monsters.
You have a pair of small horns on your head.
Your magical capacity is low. (-10% MP)
You occasionally shout uncontrollably at your foes.
Your spells are a little easier to cast, but a little less powerful.


Message History

This raw flesh tastes great.
Eat a chunk of flesh? (ye/n/q)
You start eating the chunk of flesh.
This raw flesh tastes great.
You hiss at the orc knight!
A fire crab and 4 orc knights come into view.
An orc knight is wielding a dire flail of crushing.
The orc knight shouts!
The fire crab breathes flames at you. The blast of flame engulfs you!
There is a large open door to the Armoury (Hard) here.
You are engulfed in roaring flames.
The fire crab breathes flames at you. The blast of flame misses you.
You are engulfed in roaring flames.
* * * LOW HITPOINT WARNING * * *
You are engulfed in roaring flames.
* * * LOW HITPOINT WARNING * * *
You are engulfed in roaring flames.
You die...

#++#######################
#........§§§§§§§§.........
#........@§§..§§t.........
#..##############''#######
#).# #.§§§..# #..#
#.§....# #..# #t.....#
#..# ###..### #..# ....
#..# .o.. ########..#


o.oo# You could see a fire crab.

Vanquished Creatures
  A death cob (D)
  A ghost moth (D)
  Harold (D)
  2 death yaks (D)
  2 shadow wraiths (D)
  An unseen horror (D)
  A deep elf mage (D)
  2 manticores (D)
  A wolf spider (D)
  2 black mambas (D)
  Joseph (D)
  A rime drake (D)
  A spiny frog (D)
  A kobold demonologist (D)
  A guardian mummy (D)
  A wandering mushroom (D)
  2 trolls (D)
  A bog body (D)
  2 polar bears (D)
  A shadow (D)
  A spriggan (D)
  A fire elemental (D)
  2 ynoxinuls (D)
  A basilisk (D)
  A phantom (D)
  A sky beast (D)
  2 eyes of draining (D)
  An orc warrior (D)
  2 necrophages (D)
  A big kobold (D)
  A bullfrog (D)
  A wight (D)
  A quasit (D)
  3 iguanas (D)
  An orc wizard (D)
  2 hell rats (D)
  3 worker ants (D)
  A gnoll (D)
  A worm (D)
  A leopard gecko (D)
  An orc (D)
  A giant cockroach (D)
  A hobgoblin (D)
  3 jackals (D)
  2 kobolds (D)
  2 ball pythons (D)
  A ball python zombie (D)
  A bat simulacrum (D)
  A frilled lizard (D)
67 creatures vanquished.

Vanquished Creatures (collateral kills)
  A death yak (D)
  An orc high priest (D)
  A flayed ghost (D)
  A deep elf mage (D)
  A molten gargoyle (D)
  An orange demon (D)
  An ice devil (D)
  A troll (D)
  A hornet (D)
  A flying skull (D)
  A vampire (D)
  An ogre (D)
  A crocodile (D)
  A bullfrog (D)
  A gnoll sergeant (D)
  A quasit (D)
  An orc priest (D)
  An iguana (D)
  4 gnolls (D)
  4 orcs (D)
26 creatures vanquished.

Grand Total: 93 creatures vanquished

Notes
Turn   | Place    | Note
-------+----------+-------------------------------------------
     0 | D        | Groucho the Felid Berserker began the quest for the Orb.
     0 | D        | Reached XP level 1. HP: 10/10 MP: 2/2
    11 | D        | Reached skill level 2 in Stealth
    39 | D        | Found a radiant altar of Vehumet.
    39 | D        | Found a hide-covered altar of Uskayaw.
    39 | D        | Found an ancient bone altar of Kikubaaqudgha.
    39 | D        | Found a viscous altar of Jiyva.
    39 | D        | Found a hazy altar of Hepliaklqana.
    40 | D        | Found a bloodstained altar of Trog.
    40 | D        | Found a deep blue altar of Sif Muna.
    40 | D        | Found a sacrificial altar of Ru.
    40 | D        | Found a stormy altar of Qazlal.
    40 | D        | Found an iron altar of Okawaru.
    40 | D        | Found a sparkling altar of Nemelex Xobeh.
    40 | D        | Found an opulent altar of Gozag.
    40 | D        | Found a blossoming altar of Fedhas.
    40 | D        | Found a white marble altar of Elyvilon.
    40 | D        | Found a shadowy altar of Dithmenos.
    40 | D        | Found a snail-covered altar of Cheibriados.
    41 | D        | Found a glowing golden altar of the Shining One.
    41 | D        | Found a glowing silver altar of Zin.
    42 | D        | Found a burning altar of Makhleb.
    42 | D        | Found a basalt altar of Yredelemnul.
    42 | D        | Found a roughly hewn altar of Beogh.
    43 | D        | Found a corrupted altar of Lugonu.
    43 | D        | Found a shimmering altar of Xom.
    43 | D        | Found a shattered altar of Ashenzari.
    65 | D        | Reached skill level 3 in Stealth
    66 | D        | Noticed a worker ant
    75 | D        | Killed a worker ant
    75 | D        | Reached ** piety under Trog
    75 | D        | Reached skill level 8 in Stealth
    75 | D        | Reached XP level 2. HP: 14/14 MP: 3/3
   231 | D        | Reached skill level 10 in Stealth
   231 | D        | Reached XP level 3. HP: 17/17 MP: 4/4
   574 | D        | Reached *** piety under Trog
   801 | D        | Reached **** piety under Trog
   801 | D        | Reached skill level 11 in Stealth
   801 | D        | Reached XP level 4. HP: 21/21 MP: 5/5
   802 | D        | Noticed a phantom
   804 | D        | Reached skill level 12 in Stealth
   818 | D        | Noticed a sky beast
   820 | D        | Killed a phantom
   820 | D        | Reached skill level 15 in Stealth
   820 | D        | Reached XP level 5. HP: 16/24 MP: 6/6
   831 | D        | Killed a sky beast
   831 | D        | Reached skill level 16 in Stealth
   831 | D        | Gained mutation: You are covered in thick fur. (AC +2) [Felid growth]
   831 | D        | Reached XP level 6. HP: 23/28 MP: 7/7
   836 | D        | Gained mutation: Your magical capacity is low. (-10% MP) [mutagenic meat]
   837 | D        | Gained mutation: You occasionally shout uncontrollably at your foes. [mutagenic meat]
   838 | D        | Gained mutation: You have a pair of small horns on your head. [mutagenic meat]
   840 | D        | Gained mutation: Your spells are a little easier to cast, but a little less powerful. [mutagenic meat]
   858 | D        | Reached ***** piety under Trog
   862 | D        | Reached skill level 5 in Dodging
   862 | D        | Reached skill level 17 in Stealth
   862 | D        | Reached skill level 5 in Unarmed Combat
   874 | D        | Reached XP level 7. HP: 33/33 MP: 7/7
   878 | D        | Reached skill level 5 in Fighting
   932 | D        | Noticed a troll
   932 | D        | Noticed a spiny frog
   936 | D        | Killed a spiny frog
   938 | D        | Killed a troll
   938 | D        | Reached skill level 18 in Stealth
   938 | D        | Reached XP level 8. HP: 39/39 MP: 8/8
  1034 | D        | Noticed an ice devil
  1034 | D        | Noticed a deep elf mage
  1046 | D        | Noticed a hellwing
  1047 | D        | Noticed a sixfirhy
  1049 | D        | Slain by a tarantella
  1050 | D        | Reached XP level 7. HP: -5/35 MP: 7/7
  1063 | D        | Noticed a demonic crawler
  1063 | D        | Noticed a jumping spider
  1067 | D        | Killed an ice devil
  1068 | D        | Killed a deep elf mage
  1096 | D        | Noticed a vampire
  1097 | D        | Noticed a molten gargoyle
  1097 | D        | Noticed a ynoxinul
  1099 | D        | Killed a molten gargoyle
  1099 | D        | Reached skill level 10 in Unarmed Combat
  1099 | D        | Reached XP level 8. HP: 40/40 MP: 8/8
  1102 | D        | Reached skill level 10 in Dodging
  1166 | D        | Noticed a flying skull
  1171 | D        | Killed a flying skull
  1181 | D        | Reached skill level 19 in Stealth
  1353 | D        | Noticed Joseph
  1353 | D        | Noticed a guardian mummy
  1362 | D        | Killed a guardian mummy
  1362 | D        | Reached XP level 9. HP: 45/45 MP: 9/9
  1366 | D        | Killed Joseph
  1371 | D        | Reached ****** piety under Trog
  1564 | D        | Noticed an unseen horror
  1564 | D        | Noticed a manticore
  1564 | D        | Noticed a death yak
  1564 | D        | Noticed a death yak
  1564 | D        | Noticed a death yak
  1574 | D        | Killed a death yak
  1578 | D        | Killed an unseen horror
  1699 | D        | Killed a manticore
  1699 | D        | Reached skill level 10 in Fighting
  1699 | D        | Reached skill level 20 in Stealth
  1699 | D        | Reached XP level 10. HP: 26/51 MP: 10/10
  1838 | D        | Noticed a spriggan rider
  1838 | D        | Noticed a shadow wraith
  1839 | D        | Noticed a flayed ghost
  1839 | D        | Noticed a deep elf mage
  1840 | D        | Slain by a spriggan rider
  1841 | D        | Reached XP level 9. HP: -1/46 MP: 9/9
  1850 | D        | Killed a flayed ghost
  1852 | D        | Killed a deep elf mage
  1856 | D        | Killed a shadow wraith
  1904 | D        | Killed a death yak
  1904 | D        | Reached XP level 10. HP: 50/51 MP: 10/10
  1906 | D        | Killed a death yak
  1960 | D        | Noticed an orange demon
  1960 | D        | Noticed an orc high priest
  1963 | D        | Noticed a black mamba
  1986 | D        | Killed an orange demon
  1988 | D        | Killed an orc high priest
  2010 | D        | Noticed a ghost moth
  2036 | D        | Killed a black mamba
  2128 | D        | Noticed a manticore
  2138 | D        | Killed a manticore
  2138 | D        | Reached skill level 21 in Stealth
  2138 | D        | Reached skill level 15 in Unarmed Combat
  2236 | D        | Noticed Harold
  2251 | D        | Killed Harold
  2264 | D        | Noticed a shadow wraith
  2273 | D        | Killed a shadow wraith
  2293 | D        | Killed a ghost moth
  2293 | D        | Reached skill level 15 in Dodging
  2293 | D        | Reached XP level 11. HP: 43/57 MP: 0/10
  2953 | D        | Noticed a wolf spider
  2961 | D        | Killed a wolf spider
  3439 | D        | Noticed a death cob
  3476 | D        | Slain by a death cob
  3477 | D        | Reached XP level 10. HP: -1/54 MP: 10/10
  3486 | D        | Killed a death cob
  3486 | D        | Reached skill level 22 in Stealth
  3661 | D        | Noticed a fire crab
  3661 | D        | Noticed an orc knight
  3661 | D        | Noticed an orc knight
  3661 | D        | Noticed an orc knight
  3661 | D        | Noticed an orc knight
  3669 | D        | Engulfed by a fire crab's flame

Skill      XL: |  1  2  3  4  5  6  7  8  9 10 |
---------------+-------------------------------+-----
Stealth        | 8 10 11 15 16 17 18 19 20 22 | 22.2
Unarmed Combat | 6 10 11 14 17 | 17.1
Fighting       | 4 7 8 10 12 | 12.9
Dodging        | 6 9 11 13 16 | 16.1

Action                   |  1- 3 |  4- 6 |  7- 9 | 10-12 || total
-------------------------+-------+-------+-------+-------++-------
Melee: Unarmed           |    21 |    27 |    82 |    71 ||   201
       Bite              |     3 |     2 |    11 |     8 ||    24
       Punch             |     1 |       |     6 |    15 ||    22
       Headbutt          |       |       |    14 |    14 ||    28
Invok: Berserk           |     2 |     2 |     7 |     9 ||    20
       Trog's Hand       |       |     2 |     7 |     6 ||    15
       Brothers in Arms  |       |       |     7 |     3 ||    10
       Burn Spellbooks   |       |       |       |     1 ||     1
  Use: Potion            |       |     3 |     1 |     1 ||     5
 Stab: Sleeping          |     3 |     5 |     3 |     3 ||    14
       Distracted        |       |       |     1 |     2 ||     3
  Eat: Chunk             |     6 |     6 |     9 |    15 ||    36
       Meat ration       |       |       |       |     1 ||     1
Armor: Skin              |       |     1 |     5 |     2 ||     8
Dodge: Dodged            |    17 |    17 |   131 |   116 ||   281
